 Dungeon Crawl Stone Soup version 0.24.0-123-gd5b16e6ec5 (webtiles) character file.

Game seed: 55939369918957927, levelgen mode: deterministic

116 H0rd4k the Charlatan (level 5, -7/38 HPs)
             Began as a Human Artificer on Jan 31, 2020.
             Mangled by an orc
             ... wielding a +1 short sword of electrocution
              (14 damage)
             ... on level 2 of the Dungeon on Feb 4, 2020.
             The game lasted 00:04:08 (2158 turns).

H0rd4k the Charlatan (Human Artificer)              Turns: 2158, Time: 00:04:09

Health: -7/38      AC:  3    Str: 14    XL:     5   Next: 21%
Magic:  7/7        EV: 12    Int: 11    God:
Gold:   120        SH:  0    Dex: 15    Spells: 4/4 levels left

rFire    . . .     SeeInvis .   a - +0 short sword
rCold    . . .     Gourm    .   (no shield)
rNeg     . . .     Faith    .   b - +0 leather armour
rPois    .         Spirit   .   (helmet restricted)
rElec    .         Reflect  .   (no cloak)
rCorr    .         Harm     .   (no gloves)
MR       .....                  (no boots)
Stlth    ++........             (no amulet)
HPRegen  0.12/turn              (no ring)
MPRegen  0.10/turn              (no ring)

@: no status effects
A: antennae 1, claws 1, agile 1
a: no special abilities


You were on level 2 of the Dungeon.
You were very hungry.

You visited 1 branch of the dungeon, and saw 3 of its levels.

You collected 120 gold pieces.

Inventory:

Hand Weapons
 a - a +0 short sword (weapon)
 n - a +1 dagger of flaming
Missiles
 k - 7 javelins (quivered)
 s - 14 poisoned darts
Armour
 b - a +0 leather armour (worn)
Jewellery
 p - an uncursed ring of poison resistance {unknown}
Wands
 c - a wand of flame (11)
 d - a wand of enslavement (15)
 e - a wand of random effects (9)
Scrolls
 g - 2 scrolls of teleportation {unknown}
 h - a scroll of enchant armour {unknown}
 l - 3 scrolls of identify {unknown}
 m - 2 scrolls of random uselessness {unknown}
 o - a scroll of fear {unknown}
 t - a scroll of magic mapping {unknown}
Potions
 i - a potion of agility
 j - a potion of mutation
 q - a potion of brilliance {unknown}
 r - a potion of heal wounds {unknown}
Comestibles
 f - 5 rations


   Skills:
 + Level 1.7 Fighting
 + Level 2.0 Short Blades
 + Level 1.6 Armour
 + Level 2.6 Dodging
 + Level 1.5 Stealth
 + Level 3.8 Evocations


You had 4 spell levels left.
You didn't know any spells.
Your spell library was empty.

Dungeon Overview and Level Annotations

Branches:
Dungeon (3/15)

Altars:
Nemelex Xobeh
Xom

Annotations:
D:2 exclusions: downstairs and upstairs


Innate Abilities, Weirdness & Mutations

You have a pair of small antennae on your head.
You have sharp fingernails.
You are agile. (Dex +2)


Message History

You closely miss the orc. The orc barely misses you.
You hit the orc.
The orc is moderately wounded.
The orc barely misses you.
You closely miss the orc.
The orc is moderately wounded.
The orc hits you with a +1 short sword of electrocution.
You hit the orc.
The orc is heavily wounded.
The orc hits you with a +1 short sword of electrocution.
You barely miss the orc.
The orc is heavily wounded.
The orc hits you but does no damage.
You are electrocuted!
* * * LOW HITPOINT WARNING * * *
You barely miss the orc.
The orc is heavily wounded.
The orc hits you with a +1 short sword of electrocution.
* * * LOW HITPOINT WARNING * * *
You are electrocuted!
You die...

######### ########.......#
#........#.#.#)#
#.######[......# #.#
#..#.#.#.# #@# #........#
#o#####..#)#.#.###
#########...##)#..........
#..........>....#.#..#.###
#.#######...####...###....
####.########.## #..## #..#.
#...........#.# #..# #..#.
#.##.######...# ##..####..#.
#.##.######..#####.........#.


You could see an orc.

Vanquished Creatures
  Terence (D:2)
  4 adders (D:2)
  3 dart slugs
  2 leopard geckos
  An orc (D:2)
  A giant cockroach (D:3)
  5 goblins
  A hobgoblin (D:1)
  6 jackals (D:1)
  A ball python (D:1)
  10 bats
  5 frilled lizards
  8 kobolds
  6 rats
54 creatures vanquished.

Notes
Turn   | Place    | Note
-------+----------+-------------------------------------------
     0 | D:1      | H0rd4k the Human Artificer began the quest for the Orb.
     0 | D:1      | Reached XP level 1. HP: 15/15 MP: 3/3
   333 | D:2      | Reached XP level 2. HP: 16/21 MP: 4/4
   401 | D:2      | Reached XP level 3. HP: 26/26 MP: 5/5
   526 | D:2      | Noticed Terence
   527 | D:2      | Killed Terence
   527 | D:2      | Reached skill level 1 in Armour
   527 | D:2      | Reached XP level 4. HP: 28/32 MP: 6/6
   611 | D:2      | Gained mutation: You have sharp fingernails. [potion of
                  | mutation]
   611 | D:2      | Gained mutation: You are agile. (Dex +2) [potion of
                  | mutation]
   611 | D:2      | Gained mutation: You have a pair of small antennae on your
                  | head. [potion of mutation]
   892 | D:2      | Found a sparkling altar of Nemelex Xobeh.
  1140 | D:2      | Found a shimmering altar of Xom.
  1692 | D:1      | Reached XP level 5. HP: 22/37 MP: 7/7
  2158 | D:2      | Mangled by an orc

Levels and vault maps discovered:
D:1:      dpeg_arrival_lava_temple_mockup, layout_rooms
D:2:      kennysheep_big_flooded_room, layout_loops_ring, tgw_xom, serial_glass,
          glass_columns_b, glass_columns_b, glass_columns_a, glass_columns_a,
          glass_columns_b, glass_columns_a, nemelex_xobeh_ov_fountains_minmay,
          uniq_terence
D:3:      layout_rooms, old_standard_altar, uniq_grinder

Skill      XL: |  1  2  3  4  5 |
---------------+----------------+-----
Armour         | 1 |  1.6
Short Blades   | 2 |  2.0
Fighting       | |  1.7
Dodging        | |  2.6
Stealth        | |  1.5
Evocations     | |  3.8

Action                   |  1- 3 |  4- 6 || total
-------------------------+-------+-------++-------
Melee: Short sword       |    52 |   165 ||   217
Evoke: Wand              |     3 |     7 ||    10
  Use: Potion            |       |     3 ||     3
 Stab: Sleeping          |     1 |     4 ||     5
  Eat: Chunk             |       |     3 ||     3
Armor: Leather armour    |    24 |    50 ||    74
Dodge: Dodged            |    60 |   120 ||   180
